 Dungeon Crawl Stone Soup version 0.19.1-1-g22dce08 (webtiles) character file.

86 MovingMist the Skirmisher (level 4, -5/41 HPs)
             Began as a Hill Orc Abyssal Knight on Jan 18, 2017.
             Was a Believer of Lugonu.
             Slain by an ogre
             ... wielding a +0 giant club
              (19 damage)
             ... on level 2 of the Dungeon.
             The game lasted 00:04:20 (1957 turns).

MovingMist the Skirmisher (Hill Orc Abyssal Knight) Turns: 1957, Time: 00:04:20

Health: -5/41      AC:  6    Str: 15    XL:     4   Next: 50%
Magic:  6/6        EV:  9    Int: 12    God:    Lugonu [**....]
Gold:   158        SH:  0    Dex: 10    Spells: 0 memorised, 3 levels left

rFire  . . .     SeeInvis .     a - +1 hand axe
rCold  . . .     Gourm    .     s - +0 scale mail
rNeg   . . .     Faith    .     (no shield)
rPois  .         Spirit   .     (no helmet)
rElec  .         Reflect  .     (no cloak)
rCorr  .         Harm     .     (no gloves)
MR     .....                    (no boots)
Stlth  ..........               (no amulet)
                                (no ring)
                                (no ring)

@: no status effects
A: no striking features
a: Depart the Abyss, Bend Space, Renounce Religion


You were on level 2 of the Dungeon.
You worshipped Lugonu.
Lugonu was pleased with you.
You were hungry.

You visited 1 branch of the dungeon, and saw 3 of its levels.
You visited the Abyss 1 time.

You collected 158 gold pieces.

Inventory:

Hand Weapons
 a - a +1 hand axe (weapon)
Armour
 s - a +0 scale mail (worn)
Wands
 p - a wand of iceblast (5/15)
Scrolls
 e - 3 scrolls of identify {unknown}
 g - 3 scrolls of remove curse {unknown}
 h - a scroll of teleportation {unknown}
 m - a scroll of amnesia {unknown}
 o - a scroll of enchant armour {unknown}
 t - a scroll of magic mapping {unknown}
 u - a scroll of noise {unknown}
 v - a scroll of random uselessness {unknown}
Potions
 b - a potion of curing
 k - a potion of magic {unknown}
 n - 2 potions of berserk rage {unknown}
 q - a potion of invisibility {unknown}
 r - a potion of cure mutation {unknown}
Comestibles
 c - 4 bread rations
 d - 4 chunks of flesh
 f - 7 fruits
 i - a meat ration
 j - 2 beef jerkies
 l - a slice of pizza


   Skills:
 + Level 4.3 Fighting
 + Level 3.3 Axes
 + Level 2.8 Armour
 * Level 1.9 Dodging
 + Level 3.2 Invocations


You had 3 spell levels left.
You didn't know any spells.

Dungeon Overview and Level Annotations

Branches:
Dungeon (3/15)

Altars:
Makhleb
Nemelex Xobeh
Vehumet
Xom


Message History

The rat twitches its whiskers.
You are feeling hungry.
You see here a leopard gecko corpse.
Some of the chunks of flesh in your inventory have rotted away.
There is a stone staircase leading up here.
You hit the ogre.
The ogre is moderately wounded.
The ogre hits you with a giant club! The ogre hits you but does no damage.
You climb upwards.
There is a stone staircase leading down here.
You hit the ogre but do no damage.
The ogre is moderately wounded.
The ogre hits you with a giant club!!
Your scale mail prevents you from hitting the ogre.
The ogre is moderately wounded.
You hit the ogre.
The ogre is moderately wounded.
The ogre hits you with a giant club!!
You die...

#.......#....###.##.#
......#...#####..##.########
#...#...######..##.........#
...............###.........#
#......#..###....#.........#
###....##...#.##...........#
#####...........##.........#
.# ##...#....##.##.........#
.###..........#.@O.........#
.##..####.##.....#........<#
.##.#####....###..###...####
..#.# #......# #...#..###
#...# #......#####.#.##
##..# #..............#
##..###..........#####
.....)....[......#
##################


You could see an ogre.

Vanquished Creatures
  Terence (D:2)
  2 adders (D:2)
  A worm (D:2)
  A dart slug (D:1)
  A leopard gecko (D:3)
  3 giant cockroaches
  6 goblins
  6 hobgoblins
  6 bats
  6 frilled lizards
  5 kobolds
  4 rats
42 creatures vanquished.

Notes
Turn   | Place    | Note
-------+----------+-------------------------------------------
     0 | Abyss:1  | MovingMist the Hill Orc Abyssal Knight began the quest for the Orb.
     0 | Abyss:1  | Reached XP level 1. HP: 19/19 MP: 2/2
    10 | D:1      | Escaped the Abyss
   148 | D:1      | Reached skill level 1 in Dodging
   148 | D:1      | Reached XP level 2. HP: 25/27 MP: 4/4
   790 | D:1      | Reached skill level 4 in Fighting
   946 | D:2      | Noticed Terence
   965 | D:2      | Killed Terence
   965 | D:2      | Reached ** piety under Lugonu
   965 | D:2      | Reached XP level 3. HP: 22/33 MP: 5/5
  1027 | D:2      | Reached XP level 4. HP: 5/40 MP: 6/6
  1550 | D:2      | Found a radiant altar of Vehumet.
  1552 | D:2      | Found a shimmering altar of Xom.
  1597 | D:2      | Found a sparkling altar of Nemelex Xobeh.
  1711 | D:3      | Found a burning altar of Makhleb.
  1888 | D:3      | Noticed an ogre
  1957 | D:2      | Slain by an ogre

Skill      XL: |  1  2 |
---------------+-------+-----
Dodging        | 1 |  1.9
Fighting       | 4 |  4.3
Axes           | 3 |  3.3
Invocations    | 3 |  3.2
Armour         | |  2.8

Action                   |  1- 3 |  4- 6 || total
-------------------------+-------+-------++-------
Melee: Hand axe          |   110 |    75 ||   185
  Use: Potion            |       |     1 ||     1
  Eat: Chunk             |       |     3 ||     3
Armor: Leather armour    |     3 |       ||     3
       Ring mail         |    31 |       ||    31
       Scale mail        |     9 |    42 ||    51
Dodge: Dodged            |    51 |    36 ||    87
